 Dungeon Crawl Stone Soup version 0.29-a0-231-g945431f764 (webtiles) character file.

Game seed: 15274506491781005534

39 avis the Skirmisher (level 3, 0/36 HPs)
             Began as a Hill Orc Monk on Mar 1, 2022.
             Succumbed to a kobold's poison
             ... on level 2 of the Dungeon.
             The game lasted 00:06:00 (1562 turns).

avis the Skirmisher (Hill Orc Monk)                 Turns: 1562, Time: 00:06:01

Health: 0/36       AC:  5    Str: 15    XL:     3   Next: 47%
Magic:  6/12       EV: 11    Int: 10    God:
Gold:   13         SH:  0    Dex: 13    Spells: 2/2 levels left

rFire   . . .      SeeInvis .   a - +0 hand axe
rCold   . . .      Faith    .   (no shield)
rNeg    . . .      Spirit   .   f - +0 ring mail
rPois   .          Reflect  .   (no helmet)
rElec   .          Harm     .   (no cloak)
rCorr   .          Rampage  .   (no gloves)
Will    .....                   (no boots)
Stlth   +.........              (no amulet)
HPRegen 0.12/turn               m - ring of magical power
MPRegen 0.13/turn               (no ring)

@: lethally poisoned (0 -> -11)
A: no striking features
a: no special abilities


You were on level 2 of the Dungeon.
You visited 1 branch of the dungeon, and saw 2 of its levels.

You collected 13 gold pieces.

Inventory:

Hand Weapons
 a - a +0 hand axe (weapon)
 e - a +0 halberd
 h - a +0 lajatang
 k - a +0 spear
 l - a +0 great sword
 o - a +2 whip of venom
Missiles
 g - 26 stones (quivered)
Armour
 b - a +0 robe
 f - a +0 ring mail (worn)
Jewellery
 m - a ring of magical power (left hand)
Scrolls
 c - a scroll of immolation {unknown}
 i - a scroll of enchant weapon {unknown}
 j - 4 scrolls of teleportation {unknown}
 n - a scroll of identify {unknown}
Potions
 d - 2 potions of heal wounds {unknown}


   Skills:
 - Level 5.0 Fighting
 * Level 4.5 Axes
 - Level 2.4 Dodging
 - Level 1.5 Stealth


You had 2 spell levels left.
You didn't know any spells.
Your spell library was empty.

Dungeon Overview and Level Annotations

Branches:
Dungeon (2/15)

Altars:

Shops:
D:1 ?   D:2 *


Message History

Found Tuowobol's General Store.
An endoplasm comes into view.
The endoplasm quivers.
The endoplasm moves out of view.
Found a scroll labelled SIEJEH YSESOU.
You see here a scroll labelled VIWUNA JOYR.
n - a scroll labelled VIWUNA JOYR You hit the endoplasm.
The endoplasm is severely wounded.
The endoplasm hits you.
You hit the endoplasm.
You kill the endoplasm!
You closely miss the kobold.
The kobold hits you with a +2 whip of venom.
You are poisoned.
You barely miss the kobold.
You feel very sick. The kobold barely misses you.
You closely miss the kobold.
You feel sick.
The kobold hits you with a +2 whip of venom.
You are more poisoned.
You hit the kobold. Your punch misses the kobold.
The kobold is moderately wounded.
You feel very sick. The kobold hits you but does no damage.
You are lethally poisoned!
You hit the kobold.
The kobold is heavily wounded.
* * * LOW HITPOINT WARNING * * *
You feel very sick. The kobold closely misses you.
You hit the kobold.
You kill the kobold!
* * * LOW HITPOINT WARNING * * *
You feel very sick.
* * * LOW HITPOINT WARNING * * *
You feel very sick.
You see here a +2 whip of venom.
o - a +2 whip of venom You die...

#..###.#...
#....#.#.###
#.##.......#
#...##.....#######.
#.<......†.....K.
#...#........#####
##.###.....#.# #.
##...##.## #
##.##..@# ####...#
#.#.# .## .?∩..#
... #.#.#.# # ##
..# ........ .#.#
#..## .........
...###..... .....
.?. #..#....# ###
...## #.......#


There were no monsters in sight!

Vanquished Creatures
  A worm (D:2)
  A dart slug (D:2)
  3 ball pythons (D:1)
  2 bats (D:1)
  7 endoplasms
  A goblin (D:1)
  5 hobgoblins (D:1)
  2 jackals (D:1)
  A kobold (D:2)
  2 quokkas
  A frilled lizard (D:2)
  2 rats (D:1)
28 creatures vanquished.

Notes
Turn   | Place    | Note
-------+----------+-------------------------------------------
     0 | D:1      | avis the Hill Orc Monk began the quest for the Orb.
     0 | D:1      | Reached XP level 1. HP: 19/19 MP: 1/1
   185 | D:1      | Reached skill level 4 in Fighting
   268 | D:1      | Reached XP level 2. HP: 16/27 MP: 2/2
   733 | D:1      | Found Yjututz's Magic Scroll Shoppe.
  1061 | D:1      | Reached skill level 5 in Fighting
  1061 | D:1      | Reached XP level 3. HP: 36/36 MP: 3/3
  1547 | D:2      | Found Tuowobol's General Store.
  1561 | D:2      | HP: 1/36 [poisoned by a kobold]
  1562 | D:2      | Succumbed to a kobold's poison

Illustrated notes

Levels and vault maps discovered:
D:1:      scummos_arrival_simple_fountains, layout_loops_corners, serial_shops,
          shop_statue
D:2:      layout_loops_cross, serial_shops, nicolae_shop_crystal,
          kennysheep_generic_room_3

Skill      XL: |  1  2 |
---------------+-------+-----
Fighting       | 4 5 |  5.0
Axes           | |  4.5
Dodging        | |  2.4
Stealth        | |  1.5

Action                   || total
-------------------------++-------
Melee: Hand axe          ||   113
       Punch             ||     1
 Stab: Sleeping          ||     4
Armor: Robe              ||     4
       Ring mail         ||    22
Dodge: Dodged            ||    75

Table legend: (Time is in decaauts)
 A = Elapsed time spent in this place.
 B = Non-inter-level travel time spent in this place.
 C = Inter-level travel time spent in this place.
 D = Time resting spent in this place.
 E = Time spent auto-exploring this place.
 F = Levels seen in this place.
 G = Mean time per level.
                   A        B        C        D        E       F      G
               +--------+--------+--------+--------+--------+-----+--------+
         Total |   1574 |   1357 |    217 |    289 |    747 |   2 |  787.0 |
       Dungeon |   1574 |   1357 |    217 |    289 |    747 |   2 |  787.0 |
               +--------+--------+--------+--------+--------+-----+--------+

Top non-repeatable levels by time:
     D:1: 1502 daAuts
     D:2: 72 daAuts
